 Dungeon Crawl Stone Soup version 0.30.0-19-g36f170ea60 (webtiles) character file.

Game seed: 1612372799611264639

7 Josd the Covert (level 2, 0/29 HPs)
             Began as a Gnoll Delver on June 1, 2023.
             Slain by a scorpion (1 damage)
             ... on level 6 of the Dungeon.
             The game lasted 00:01:13 (119 turns).

Josd the Covert (Gnoll Delver)                       Turns: 119, Time: 00:01:13

Health: 0/29       AC:  3    Str:  8 (11) XL:     2   Next: 4%
Magic:  2/2        EV: 12    Int:  6 (9)  God:
Gold:   17         SH:  0    Dex: 10 (13) Spells: 1/1 levels left

rFire   . . .        a - +0 spear
rCold   . . .        (no shield)
rNeg    . . .        b - +0 leather armour
rPois   .            (no helmet)
rElec   .            (no cloak)
rCorr   .            (no gloves)
SInv    .            (no boots)
Will    .....        i - amulet of regeneration
Stlth   ++++         (no ring)
HPRegen 1.04/turn    (no ring)
MPRegen 0.08/turn

%: no passive effects
@: lethally poisoned (0 -> -5)
A: fangs 1, strong nose, distributed training
a: no special abilities


You were on level 6 of the Dungeon.
You visited 1 branch of the dungeon, and saw 2 of its levels.

You collected 17 gold pieces.

Inventory:

Hand Weapons
 a - a +0 spear (weapon)
Armour
 b - a +0 leather armour (worn)
Jewellery
 i - an amulet of regeneration (around neck)
Wands
 g - a wand of digging (3)
 k - a wand of acid (15)
Scrolls
 d - a scroll of magic mapping
 e - a scroll of fear
 h - a scroll of identify {unknown}
Potions
 f - a potion of haste


   Skills:
 + Level 6.4 Fighting
 + Level 0.2 Short Blades
 + Level 0.2 Long Blades
 + Level 0.2 Axes
 + Level 0.2 Maces & Flails
 + Level 4.4 Polearms
 + Level 0.2 Staves
 + Level 0.2 Ranged Weapons
 + Level 0.2 Throwing
 + Level 0.2 Armour
 + Level 4.4 Dodging
 + Level 9.5 Stealth
 + Level 0.2 Shields
 + Level 0.2 Unarmed Combat
 + Level 0.2 Spellcasting
 + Level 0.1 Conjurations
 + Level 0.1 Hexes
 + Level 0.1 Summonings
 + Level 0.1 Necromancy
 + Level 0.1 Translocations
 + Level 0.1 Transmutations
 + Level 0.1 Fire Magic
 + Level 0.1 Ice Magic
 + Level 0.1 Air Magic
 + Level 0.1 Earth Magic
 + Level 0.1 Poison Magic
 + Level 0.3 Invocations
 + Level 0.2 Evocations


You had one spell level left.
You didn't know any spells.
Your spell library was empty.

Dungeon Overview and Level Annotations

Branches:
Dungeon (6/15)
 Temple: D:4-7

Altars:


Innate Abilities, Weirdness & Mutations

You have very sharp teeth.
Your uncanny sense of smell can sniff out nearby items.
Your experience applies equally to all skills.


Message History

The scorpion attacks as you move away! The scorpion completely misses you.
You completely miss the scorpion. The scorpion barely misses you.
You hit the scorpion but do no damage. Your bite misses the scorpion.
The scorpion barely misses you.
You hit the scorpion but do no damage.
You bite the scorpion, but do no damage.
The scorpion stings you.
You barely miss the scorpion. The scorpion stings you!
You hit the scorpion.
The scorpion is lightly wounded.
The scorpion stings you.
You hit the scorpion but do no damage.
You punch the scorpion, but do no damage.
The scorpion is lightly wounded.
The scorpion stings you.
You are too injured to fight recklessly!
You are too injured to fight recklessly!
You are too injured to fight recklessly!
It was a potion of degeneration.
There was something very wrong with that liquid.
You feel weakened.
You feel dopey.
You feel clumsy. The scorpion closely misses you. The scorpion misses you.
The scorpion stings you but does no damage.
The scorpion attacks as you move away! The scorpion stings you.
You are poisoned.
The scorpion poisons you!
Found a book of Changes.
You feel very sick. The scorpion attacks as you move away!
The scorpion stings you.
* * * LOW HITPOINT WARNING * * *
You are lethally poisoned!
The scorpion poisons you!
* * * LOW HITPOINT WARNING * * *
You feel very sick.
As you read the scroll of fog, it crumbles to dust.
The scroll dissolves into smoke.
* * * LOW HITPOINT WARNING * * *
You feel very sick. The scorpion stings you.
You die...

#.######s#
#.##.#
#.###.##.#
#........#
#####.#########
#.........<...#
#.§.##.#####.##
∆#§s§§#.# #
#§@#.#.#
#§§#.#.#
#§§§...#
########.#....#
.........####.#
#[######..# .#
#.........# :
...#.#....#
#....#


You could see a scorpion.

Vanquished Creatures
  A shadow imp (D:6)
1 creature vanquished.

Notes
Turn   | Place    | Note
-------+----------+-------------------------------------------
     0 | D:5      | Reached skill level 9 in Stealth
     0 | D:5      | Josd the Gnoll Delver began the quest for the Orb.
     0 | D:5      | Reached XP level 1. HP: 23/23 MP: 1/1
    65 | D:6      | Reached XP level 2. HP: 21/29 MP: 2/2
    89 | D:6      | Noticed a scorpion
   119 | D:6      | HP: 1/29 [poisoned by a scorpion]
   119 | D:6      | Slain by a scorpion

Illustrated notes

Levels and vault maps discovered:
D:5:      layout_basic, uniq_crazy_yiuf_cottage
D:6:      layout_basic, minmay_temple_entry_trees, ebering_ghost_disaster_area,
          minmay_mini_ossuary, uniq_pikel

Skill      XL: | |
---------------+-+-----
Stealth        | |  9.5
Fighting       | |  6.4
Short Blades   | |  0.2
Long Blades    | |  0.2
Axes           | |  0.2
Maces & Flails | |  0.2
Polearms       | |  4.4
Staves         | |  0.2
Ranged Weapons | |  0.2
Throwing       | |  0.2
Armour         | |  0.2
Dodging        | |  4.4
Shields        | |  0.2
Unarmed Combat | |  0.2
Spellcasting   | |  0.2
Conjurations   | |  0.1
Hexes          | |  0.1
Summonings     | |  0.1
Necromancy     | |  0.1
Translocations | |  0.1
Transmutations | |  0.1
Fire Magic     | |  0.1
Ice Magic      | |  0.1
Air Magic      | |  0.1
Earth Magic    | |  0.1
Poison Magic   | |  0.1
Invocations    | |  0.3
Evocations     | |  0.2

Action                     || total
---------------------------++-------
  Melee: Spear             ||    14
         Punch             ||     1
         Bite              ||     1
    Use: Scroll            ||     1
         Potion            ||     1
 Armour: Leather armour    ||     2
  Dodge: Dodged            ||     7
